AoeStats
← Santadriver

Nomad

509427321Analyzed
3v3 RM · 5d ago on Sep 26, 2026· 53m 19s· 6 players
Game mode
Random Map
Map size
210×210
Population
200
Speed
Normal
Resources
Standard
Victory
Conquest
Starting age
Dark Age
Ending age
Imperial Age
RankedLock teamsTeams togetherTeam positionsShared explorationLock speedFull tech treeHidden civsTurbo modeCheats
Victory
Defeat
🇨🇭 Varangians · Switzerland
1309
+10
🇨🇭 Magyars · Switzerland
1139
+17
🇨🇭 Japanese · Switzerland
1124
+19
🇨🇱 Britons · Chile
1185
-16
🇺🇸 Danes · United States
1172
-15
🇩🇪 Malians · Germany
1161
-15
The Man The Myth The Legend
5:01 Loom
13:35 Feudal Age
14:15 Double-Bit Axe
14:39 Fishing Lines
15:56 Wheelbarrow
18:12 Fletching
22:39 Castle Age
22:31 Padded Archer Armor
23:56 Squires
23:58 Town Watch
26:41 Horse Collar
28:16 Pikeman
31:01 Scale Mail Armor
32:32 Chain Mail Armor
32:27 Forging
36:21 Iron Casting
36:01 Bow Saw
35:57 Arson
36:18 Gambesons
37:44 Bodkin Arrow
44:09 Imperial Age
43:43 Ballistics
44:50 Hand Cart
46:14 Halberdier
50:49 Plate Mail Armor
51:31 Elite Varangian Guard
52:44 Masonry
spicyP
4:24 Loom
14:11 Feudal Age
18:25 Castle Age
17:24 Double-Bit Axe
19:49 Fletching
20:49 Wheelbarrow
25:11 Arson
25:27 Squires
25:41 Town Watch
28:13 Forging
38:06 Imperial Age
35:34 Horse Collar
37:03 Heavy Plow
37:44 Bodkin Arrow
39:54 Conscription
41:21 Pikeman
49:08 Iron Casting
49:33 Scale Mail Armor
50:56 Chain Mail Armor
53:37 Plate Mail Armor
nefelibata
3:03 Loom
3:35 Loom
14:18 Feudal Age
15:12 Double-Bit Axe
20:32 Castle Age
19:11 Fletching
19:57 Stone Mining
19:58 Gold Mining
21:43 Bodkin Arrow
24:37 Padded Archer Armor
30:13 Fishing Lines
40:49 Wheelbarrow
41:03 Town Watch
45:27 Imperial Age
43:17 Bow Saw
43:51 Leather Archer Armor
45:30 Ballistics
46:34 Conscription
53:16 Hand Cart
MC_Jumlox
5:02 Loom
13:24 Feudal Age
14:51 Double-Bit Axe
15:56 Wheelbarrow
15:07 Town Watch
15:44 Fishing Lines
21:29 Castle Age
20:07 Stone Mining
20:43 Gold Mining
21:05 Bloodlines
21:03 Scale Barding Armor
22:42 Hand Cart
22:30 Husbandry
22:52 Chain Barding Armor
24:27 Gillnets
27:54 Imperial Age
29:42 Hand Cart
30:05 Gold Shaft Mining
29:57 Bow Saw
31:21 Conscription
36:13 Horse Collar
37:45 Corvinian Army
38:57 Plate Barding Armor
38:04 Elite Magyar Huszar
41:59 Capped Ram
42:44 Fletching
43:06 Padded Archer Armor
49:12 Bodkin Arrow
51:30 Heavy Plow
53:10 Parthian Tactics
53:11 Leather Archer Armor
52:56 Bracer
Fjschj
5:38 Loom
13:57 Feudal Age
14:56 Man-at-Arms
16:43 Arson
17:51 Scale Mail Armor
18:53 Forging
25:41 Castle Age
23:37 Double-Bit Axe
28:23 Bow Saw
34:14 Horse Collar
35:09 Heavy Plow
37:17 Wheelbarrow
41:13 Hand Cart
42:17 Stone Mining
42:17 Gold Mining
42:17 Town Watch
46:09 Gold Shaft Mining
48:14 Imperial Age
49:11 Chain Mail Armor
49:45 Conscription
50:36 Plate Mail Armor
51:44 Iron Casting
52:55 Elite Samurai
54:40 Blast Furnace
53:46 Squires
53:31 Gambesons
Santadriver
5:56 Loom
14:39 Feudal Age
18:18 Castle Age
19:08 Forging
22:26 Scale Barding Armor
23:44 Horse Collar
25:04 Fletching
26:35 Chain Barding Armor
28:48 Husbandry
33:22 Town Watch
34:13 Wheelbarrow
44:20 Imperial Age
43:03 Bloodlines
42:53 Husbandry
48:36 Plate Barding Armor
51:07 Conscription
50:07 Elite Jarl
Connection lost

Rejoining the realm…

Still unreachable

The connection could not be restored.

Session expired

The server has moved on; the page needs a fresh start.